 Dungeon Crawl Stone Soup version 0.23.1 (webtiles) character file.

Game seed: 2860452837660495927

3409 teukkam the Protected (level 9, -7/81 HPs)
             Began as a Minotaur Fighter on Mar 13, 2019.
             Was a Believer of Wu Jian.
             Splashed by Maurice's acid (13 damage)
             ... on level 8 of the Dungeon.
             The game lasted 00:28:15 (6974 turns).

teukkam the Protected (Minotaur Fighter)            Turns: 6974, Time: 00:28:16

Health: -7/81      AC:  4    Str: 26    XL:     9   Next: 75%
Magic:  10/11      EV:  9    Int:  2    God:    Wu Jian [**....]
Gold:   263        SH: 12    Dex: 10    Spells: 8/8 levels left

rFire    + . .     SeeInvis .   a - +1 war axe
rCold    . . .     Gourm    .   c - +1 shield
rNeg     + . .     Faith    +   I - +0 leather armour {rF+}
rPois    +         Spirit   .   (helmet restricted)
rElec    .         Reflect  .   e - +2 ratskin cloak {+Rats rPois rN+ Str-1 Int-1 Dex+1}
rCorr    .         Harm     .   H - +0 pair of gloves
MR       .....                  (no boots)
Stlth    +.........             L - amulet of faith
HPRegen  0.23/turn              (no ring)
MPRegen  0.12/turn              (no ring)

@: corroded
A: retaliatory headbutt, horns 2, dopey 1, strong 1
a: Wall Jump, Renounce Religion, Evoke Ratskin


You were on level 8 of the Dungeon.
You worshipped Wu Jian.
Wu Jian was pleased with you.
You were not hungry.

You visited 2 branches of the dungeon, and saw 9 of its levels.
You also visited: Ossuary.

You collected 263 gold pieces.

Inventory:

Hand Weapons
 a - a +1 war axe (weapon)
 b - a +0 hunting sling
 o - a +1 halberd of venom
 G - a +3 whip
Missiles
 k - 21 poisoned needles
 m - 130 stones (quivered)
Armour
 c - a +1 shield (worn)
 e - the +2 ratskin cloak (worn) {+Rats rPois rN+ Str-1 Int-1 Dex+1}
   (You found it on level 5 of the Dungeon)

   It affects your strength (-1).
   It affects your intelligence (-1).
   It affects your dexterity (+1).
   It protects you from poison.
   It protects you from negative energy.
 H - a +0 pair of gloves (worn)
 I - a +0 leather armour of fire resistance (worn)
Jewellery
 g - an uncursed amulet of the gourmand
 n - an uncursed amulet of regeneration
 s - an uncursed ring of ice
 C - an uncursed amulet of guardian spirit
 K - an uncursed ring of fire
 L - an amulet of faith (around neck)
Wands
 A - a wand of scattershot (5)
 M - a wand of random effects (41)
 N - a wand of iceblast (9)
Scrolls
 i - 4 scrolls of remove curse
 l - 9 scrolls of identify
 t - a scroll of blinking
 w - 2 scrolls of fog
 y - a scroll of fear {unknown}
 D - a scroll of magic mapping
 E - a scroll of immolation {unknown}
 F - a scroll of enchant weapon
Potions
 h - a potion of might
 j - 4 potions of curing
 p - a potion of flight {unknown}
 q - a potion of cancellation
 r - a potion of heal wounds {unknown}
 u - 3 potions of agility
 v - 3 potions of lignification
 z - a potion of berserk rage {unknown}
 B - a potion of invisibility {unknown}
 J - a potion of degeneration {unknown}
Comestibles
 f - 14 rations


   Skills:
 + Level 7.9 Fighting
 - Level 6.1(6.7) Axes
 + Level 3.9(5.5) Polearms
 + Level 5.9 Slings
 + Level 8.1 Armour
 + Level 7.9 Shields
 + Level 4.0 Evocations


You had 8 spell levels left.
You didn't know any spells.
Your spell library contained the following spells:

 Spells                   Type           Power        Failure   Level  Hunger
 Animate Skeleton         Necr           N/A          88%         1    ##.....
 Confusing Touch          Hex            #.....       88%         1    ##.....
 Pain                     Necr           #...         88%         1    ##.....
 Sandblast                Erth           #.....       88%         1    ##.....
 Passwall                 Tmut/Erth      #.......     95%         2    ###....
 Confuse                  Hex            #.......     99%         3    ####...
 Gell's Gravitas          Tloc           #.........   99%         3    ####...
 Regeneration             Chrm/Necr      #.........   99%         3    ####...
 Stone Arrow              Conj/Erth      #.....       99%         3    ####...
 Vampiric Draining        Necr           #.........   99%         3    ####...
 Animate Dead             Necr           N/A          100%        4    #####..
 Petrify                  Tmut/Erth      #.......     100%        4    #####..
 Lee's Rapid Deconstruct  Erth           #.........   100%        5    ######.
 Metabolic Englaciation   Hex/Ice        #.........   100%        5    ######.
 Yara's Violent Unravell  Hex/Tmut       #.........   100%        5    ######.


Dungeon Overview and Level Annotations

Branches:
Dungeon (8/15)             Temple (1/1) D:7
   Lair: D:8-11

Altars:
Ashenzari
Cheibriados
Elyvilon
Fedhas
Hepliaklqana
Kikubaaqudgha
Makhleb
Okawaru
Qazlal
Ru
Sif Muna
Trog
Wu Jian
Xom
Yredelemnul
The Shining One

Annotations:
D:8 Maurice


Innate Abilities, Weirdness & Mutations

You reflexively headbutt those who attack you in melee.
You have a pair of horns on your head.
You are dopey. (Int -2)
Your muscles are strong. (Str +2)


Message History

The bolt of acid hits the scorpion!
The scorpion is splashed with acid.
The acid corrodes the scorpion!
You kill the scorpion!
The Council accepts your kill. You block the hornet's attack.
The hornet closely misses you.
Evoke which item? (* to show all) (? for menu, Esc to quit)
Aiming: Corrosive Bolt
Press: ? - help, Shift-Dir - straight line, f/p - hornet
Aim: a hornet (almost dead, covered in acid)
The bolt of acid hits the hornet!
The hornet is splashed with acid.
You kill the hornet!
The Council accepts your kill.
Your Evocations skill increases to level 4!
The now-empty wand crumbles to dust.
You hear a zap.
A bolt of acid appears from out of thin air!
The bolt of acid hits you!!
* * * LOW HITPOINT WARNING * * *
You are splashed with acid!
You die...

######## ..........
######.........
#=@............
####.#..........
#...........#... ..
###.#.#.....#.#....
.?.#.#..........#
##> #.#####<#....#
# #..............
........###.##.
#........


There were no monsters in sight!

Vanquished Creatures
  A hornet (D:8)
  An ice beast (D:6)
  A sky beast (D:5)
  2 orc warriors
  2 black bears
  An ogre (D:3)
  A bullfrog (D:7)
  6 scorpions
  5 killer bees (D:7)
  A wight (D:7)
  2 centaur zombies (Ossuary)
  A crimson imp (D:7)
  A quasit (D:7)
  A jelly (D:7)
  A bullfrog skeleton (D:6)
  A bullfrog zombie (D:7)
  A gnoll shaman (D:7)
  3 human zombies (Ossuary)
  3 orc priests
  2 centaur skeletons
  A hound (D:7)
  7 orc wizards
  Ijyb (D:5)
  2 iguanas
  4 worker ants (D:7)
  A big kobold zombie (Ossuary)
  3 mummies (Ossuary)
  A worker ant zombie (D:5)
  10 gnolls
  3 adders
  7 scorpion zombies (Ossuary)
  A shadow imp (D:7)
  2 oozes
  A worm (D:2)
  A dart slug (D:3)
  3 leopard geckos
  25 orcs
  3 ball pythons
  3 giant cockroaches
  5 gnoll zombies
  12 goblins
  6 jackals
  3 quokkas
  3 bats (D:2)
  3 goblin zombies (Ossuary)
  A hobgoblin zombie (Ossuary)
  8 kobolds
  2 kobold zombies (Ossuary)
  An orc zombie (Ossuary)
  A quokka skeleton (D:4)
  2 quokka zombies (D:4)
  4 rats
167 creatures vanquished.

Vanquished Creatures (collateral kills)
  Prince Ribbit (D:6)
  Eustachio (D:6)
  An orc warrior (D:6)
  A sky beast (D:7)
  An ogre (D:7)
  A bullfrog (D:7)
  A scorpion (D:6)
  A killer bee (D:7)
  2 wights (D:7)
  An orc wizard (D:6)
  An orc priest (D:7)
  A worker ant (D:5)
  3 gnolls
  5 orcs
21 creatures vanquished.

Vanquished Creatures (others)
  2 scorpions (Ossuary)
2 creatures vanquished.

Grand Total: 190 creatures vanquished

Notes
Turn   | Place    | Note
-------+----------+-------------------------------------------
     0 | D:1      | teukkam the Minotaur Fighter began the quest for the Orb.
     0 | D:1      | Reached XP level 1. HP: 19/19 MP: 0/0
   249 | D:2      | Reached XP level 2. HP: 27/27 MP: 1/1
   292 | D:3      | Reached skill level 4 in Armour
   414 | D:3      | Reached XP level 3. HP: 14/33 MP: 2/2
   418 | D:3      | Reached XP level 4. HP: 9/41 MP: 3/3
   821 | D:4      | Found a sand-covered staircase.
   828 | Ossuary  | Entered an ossuary
   844 | Ossuary  | Reached XP level 5. HP: 17/47 MP: 4/4
  1089 | Ossuary  | Reached skill level 1 in Slings
  1093 | Ossuary  | Reached skill level 5 in Fighting
  1100 | Ossuary  | Reached skill level 5 in Armour
  1212 | Ossuary  | Reached skill level 5 in Shields
  1212 | Ossuary  | Reached XP level 6. HP: 47/56 MP: 5/5
  1444 | Ossuary  | Reached XP level 7. HP: 61/61 MP: 6/6
  1601 | D:4      | Found a glowing golden altar of the Shining One.
  1770 | D:5      | Entered Level 5 of the Dungeon
  1770 | D:5      | Found a burning altar of Makhleb.
  1781 | D:5      | Found the +2 ratskin cloak {+Rats rPois rN+ Str-1 Int-1
                  | Dex+1}
  1956 | D:4      | Reached skill level 5 in Axes
  2466 | D:6      | Reached skill level 6 in Armour
  2466 | D:6      | Reached skill level 1 in Evocations
  2521 | D:6      | Found a shattered altar of Ashenzari.
  2560 | D:6      | Noticed Prince Ribbit
  2577 | D:6      | Reached XP level 8. HP: 17/70 MP: 4/8
  2587 | D:6      | Killed Prince Ribbit
  2676 | D:6      | Found a sacrificial altar of Ru.
  2690 | D:6      | Noticed Eustachio
  3090 | D:7      | Found a staircase to the Ecumenical Temple.
  3108 | Temple   | Entered the Ecumenical Temple
  3164 | Temple   | Became a worshipper of the Wu Jian Council
  3223 | D:7      | Reached skill level 7 in Armour
  3226 | D:7      | Reached skill level 1 in Polearms
  3237 | D:7      | Reached XP level 9. HP: 36/79 MP: 6/10
  3339 | D:7      | Reached skill level 5 in Slings
  3589 | D:2      | Found an ancient bone altar of Kikubaaqudgha.
  4479 | D:2      | Found a faded altar of an unknown god.
  4511 | D:2      | Reached * piety under Wu Jian
  5099 | D:3      | Found a basalt altar of Yredelemnul.
  5758 | D:5      | Noticed Ijyb
  5780 | D:5      | Killed Ijyb
  6336 | D:6      | Killed Eustachio
  6370 | D:6      | Reached ** piety under Wu Jian
  6419 | D:6      | Gained mutation: Your spells are a little easier to cast,
                  | but a little less powerful. [potion of mutation]
  6419 | D:6      | Gained mutation: Your flesh is cold resistant. (rC+)
                  | [potion of mutation]
  6420 | D:6      | Lost mutation: Your flesh is cold resistant. (rC+) [potion
                  | of mutation]
  6420 | D:6      | Lost mutation: Your spells are a little easier to cast, but
                  | a little less powerful. [potion of mutation]
  6420 | D:6      | Gained mutation: You are dopey. (Int -2) [potion of
                  | mutation]
  6420 | D:6      | Gained mutation: Your muscles are strong. (Str +2) [potion
                  | of mutation]
  6832 | D:7      | Found a white marble altar of Elyvilon.
  6845 | D:7      | Reached skill level 8 in Armour
  6965 | D:8      | Noticed Maurice
  6974 | D:8      | Splashed by Maurice's acid

Skill      XL: |  1  2  3  4  5  6  7  8  9 |
---------------+----------------------------+-----
Fighting       | 4 5 6 7 |  7.9
Armour         | 4 5 6 7 8 |  8.1
Shields        | 4 5 6 7 |  7.9
Axes           | 3 4 5 6 |  6.1
Slings         | 1 2 3 4 5 |  5.9
Evocations     | 1 2 4 |  4.0
Polearms       | 1 3 |  3.9

Action                   |  1- 3 |  4- 6 |  7- 9 || total
-------------------------+-------+-------+-------++-------
Melee: War axe           |    31 |    83 |   342 ||   456
       Headbutt          |     4 |    20 |    53 ||    77
 Fire: Hunting sling     |       |    24 |    56 ||    80
Throw: Stone             |       |       |     1 ||     1
Invok: Whirlwind         |       |       |    46 ||    46
       Lunge             |       |       |    17 ||    17
 Abil: Evoke Ratskin     |       |       |    15 ||    15
       Wall Jump         |       |       |     4 ||     4
Evoke: Wand              |       |       |     6 ||     6
  Use: Scroll            |     2 |     2 |     7 ||    11
       Potion            |     2 |     1 |     4 ||     7
  Eat: Chunk             |     6 |       |    11 ||    17
       Ration            |       |       |     3 ||     3
Armor: Scale mail        |    16 |    18 |   131 ||   165
       Skin              |       |    17 |       ||    17
       Leather armour    |       |       |    32 ||    32
Dodge: Dodged            |     9 |    17 |   139 ||   165
Block: Shield            |    19 |    37 |   233 ||   289
